[ AOE2 MATCH · #505954532 ]
UnrankedChinese vs Teutons
Player's team · WIN
Rival team · LOSS
[ REPLAY ANALYSIS · EXTRACTED FROM THE RECORDED GAME ]
Feudal
8:39
Castle
23:37
Imperial
39:40
| APM avg | 73.4 |
| APM peak | 111 |
| eAPM avg | 26.5 |
| Villagers / military | 126 / 90 |
Focus
⚔️ 30.5% · 🌾 69.5%
Fire Lancer ×34 · Cavalry Archer ×23 · Scout Cavalry ×14 · Spearman ×5 · Battering Ram ×4 · Monk ×2
Feudal
8:51
Castle
26:36
Imperial
—
| APM avg | 55.6 |
| APM peak | 83 |
| eAPM avg | 32.3 |
| Villagers / military | 145 / 49 |
Focus
⚔️ 44.8% · 🌾 55.2%
Spearman ×14 · Archer ×11 · Scout Cavalry ×10 · Mangonel ×6 · Monk ×4 · Skirmisher ×2
Match map
Initial resources + every placement click. Lines = walls · curves = elevation contours. ◆ gold · ⬟ stone · ● berries · ✦ relic · ◌ wall gap
Your base· ✓ Closed at 23:37 · 43t walls · 1 gate(s)
HeavenlyChorus's base· ✓ Closed at 26:36 · 36t walls · no gate
Smoothed initial terrain · ◌ = detected wall gap · hover for details
Inputs per minute
— EbolasRider - - HeavenlyChorus
Build order — EbolasRider
First 150 of 422 actions detected
| 0:01 | Research | Loom |
| 0:48 | Create | Villager (Male) |
| 0:48 | Create | Villager (Male) |
| 1:14 | Create | Villager (Male) |
| 1:14 | Create | Villager (Male) |
| 1:41 | Create | Villager (Male) |
| 2:12 | Create | Villager (Male) |
| 2:26 | Create | Villager (Male) |
| 2:31 | Build | Lumber Camp |
| 2:57 | Create | Villager (Male) |
| 3:20 | Create | Villager (Male) |
| 3:35 | Create | Villager (Male) |
| 3:38 | Build | House |
| 4:00 | Create | Villager (Male) |
| 4:29 | Build | Mill |
| 4:34 | Create | Villager (Male) |
| 4:46 | Create | Villager (Male) |
| 5:05 | Create | Villager (Male) |
| 5:24 | Build | House |
| 5:28 | Create | Villager (Male) |
| 6:29 | Research | Feudal Age |
| 7:27 | Build | Barracks |
| 8:01 | Build | Palisade Wall |
| 8:02 | Build | Palisade Wall |
| 8:04 | Build | Palisade Wall |
| 8:13 | Build | Palisade Wall |
| 8:14 | Build | Palisade Wall |
| 8:15 | Build | Palisade Wall |
| 8:25 | Build | House |
| 8:39 | Age | Feudal Age |
| 8:41 | Create | Villager (Male) |
| 9:02 | Create | Villager (Male) |
| 9:06 | Build | Stable |
| 9:14 | Research | Double-Bit Axe |
| 9:14 | Create | Villager (Male) |
| 9:21 | Create | Villager (Male) |
| 9:23 | Research | Horse Collar |
| 9:58 | Build | Farm |
| 10:01 | Create | Scout Cavalry |
| 10:01 | Create | Scout Cavalry |
| 10:03 | Create | Villager (Male) |
| 10:10 | Build | House |
| 10:15 | Build | Farm |
| 10:23 | Create | Spearman |
| 10:33 | Create | Villager (Male) |
| 10:38 | Build | Farm |
| 10:51 | Build | House |
| 10:54 | Build | Farm |
| 10:56 | Create | Villager (Male) |
| 10:59 | Create | Spearman |
| 11:23 | Build | Farm |
| 11:28 | Create | Scout Cavalry |
| 11:38 | Create | Villager (Male) |
| 11:42 | Build | House |
| 11:46 | Build | Farm |
| 11:54 | Build | Farm |
| 11:55 | Build | Farm |
| 11:56 | Create | Villager (Male) |
| 11:59 | Create | Spearman |
| 12:13 | Build | Farm |
| 12:14 | Create | Villager (Male) |
| 12:18 | Build | Palisade Wall |
| 12:36 | Build | Farm |
| 12:37 | Create | Villager (Male) |
| 12:54 | Build | Farm |
| 12:55 | Create | Villager (Male) |
| 13:01 | Build | Farm |
| 13:05 | Create | Scout Cavalry |
| 13:22 | Create | Villager (Male) |
| 13:27 | Build | Farm |
| 13:30 | Create | Spearman |
| 13:43 | Build | Farm |
| 13:47 | Create | Villager (Male) |
| 13:50 | Create | Spearman |
| 13:59 | Build | Mining Camp |
| 14:01 | Create | Scout Cavalry |
| 14:12 | Create | Scout Cavalry |
| 14:17 | Create | Villager (Male) |
| 14:25 | Build | Palisade Wall |
| 14:32 | Create | Villager (Male) |
| 14:37 | Build | House |
| 14:52 | Create | Scout Cavalry |
| 14:54 | Create | Villager (Male) |
| 15:02 | Build | Palisade Wall |
| 15:08 | Build | Farm |
| 15:14 | Create | Scout Cavalry |
| 15:20 | Build | Palisade Gate |
| 15:24 | Build | Palisade Wall |
| 15:25 | Build | Palisade Wall |
| 15:26 | Create | Villager (Male) |
| 15:42 | Create | Villager (Male) |
| 15:46 | Research | Wheelbarrow |
| 15:48 | Research | Bloodlines |
| 15:50 | Build | Farm |
| 15:51 | Build | Farm |
| 16:25 | Create | Scout Cavalry |
| 16:30 | Build | Blacksmith |
| 16:37 | Build | House |
| 16:43 | Create | Villager (Male) |
| 16:59 | Build | Lumber Camp |
| 17:08 | Create | Villager (Male) |
| 17:36 | Build | Farm |
| 17:38 | Build | Farm |
| 17:46 | Create | Scout Cavalry |
| 17:57 | Create | Villager (Male) |
| 18:00 | Research | Forging |
| 18:00 | Research | Forging |
| 18:03 | Create | Villager (Male) |
| 18:10 | Create | Scout Cavalry |
| 18:24 | Create | Scout Cavalry |
| 18:30 | Build | House |
| 18:45 | Create | Scout Cavalry |
| 18:46 | Create | Villager (Male) |
| 18:48 | Build | Archery Range |
| 18:51 | Build | Palisade Wall |
| 19:16 | Create | Villager (Male) |
| 19:40 | Create | Villager (Male) |
| 19:57 | Build | Archery Range |
| 20:02 | Build | House |
| 20:08 | Create | Skirmisher |
| 20:23 | Create | Villager (Male) |
| 20:25 | Create | Skirmisher |
| 20:44 | Build | Watch Tower |
| 20:57 | Research | Castle Age |
| 21:30 | Build | House |
| 21:34 | Research | Fletching |
| 21:47 | Create | Scout Cavalry |
| 22:10 | Build | Mining Camp |
| 22:22 | Research | Padded Archer Armor |
| 22:40 | Build | Lumber Camp |
| 22:44 | Build | Mining Camp |
| 22:46 | Research | Gold Mining |
| 22:55 | Build | House |
| 23:37 | Age | Castle Age |
| 23:40 | Create | Cavalry Archer |
| 23:40 | Create | Cavalry Archer |
| 23:40 | Create | Cavalry Archer |
| 23:46 | Create | Villager (Male) |
| 23:54 | Create | Villager (Male) |
| 23:57 | Research | Bow Saw |
| 24:01 | Build | Siege Workshop |
| 24:07 | Create | Cavalry Archer |
| 24:11 | Create | Cavalry Archer |
| 24:13 | Create | Villager (Male) |
| 24:19 | Create | Villager (Male) |
| 24:39 | Research | Bodkin Arrow |
| 24:45 | Create | Villager (Male) |
| 24:57 | Create | Cavalry Archer |
| 25:24 | Create | Villager (Male) |
| 25:37 | Build | Town Center |
Build order — HeavenlyChorus
First 150 of 407 actions detected
| 0:00 | Create | Villager (Male) |
| 0:01 | Build | House |
| 0:02 | Build | House |
| 0:03 | Create | Villager (Male) |
| 0:05 | Create | Villager (Male) |
| 0:16 | Create | Villager (Male) |
| 1:26 | Create | Villager (Male) |
| 2:05 | Create | Villager (Male) |
| 2:05 | Create | Villager (Male) |
| 2:16 | Create | Villager (Male) |
| 2:45 | Create | Villager (Male) |
| 2:48 | Build | Lumber Camp |
| 3:03 | Create | Villager (Male) |
| 3:14 | Build | House |
| 3:23 | Create | Villager (Male) |
| 3:47 | Create | Villager (Male) |
| 3:56 | Create | Villager (Male) |
| 4:13 | Create | Villager (Male) |
| 4:39 | Create | Villager (Male) |
| 4:46 | Create | Villager (Male) |
| 5:18 | Create | Villager (Male) |
| 5:36 | Build | Mill |
| 5:55 | Research | Loom |
| 6:36 | Research | Feudal Age |
| 7:09 | Create | Villager (Male) |
| 7:28 | Build | House |
| 7:39 | Create | Villager (Male) |
| 7:51 | Build | Palisade Wall |
| 7:51 | Build | Palisade Wall |
| 7:52 | Build | Palisade Wall |
| 7:54 | Build | Palisade Wall |
| 8:09 | Build | Barracks |
| 8:19 | Build | Palisade Wall |
| 8:20 | Build | Palisade Wall |
| 8:51 | Age | Feudal Age |
| 8:55 | Create | Villager (Male) |
| 8:57 | Create | Villager (Male) |
| 9:05 | Build | Stable |
| 9:06 | Create | Spearman |
| 9:20 | Research | Double-Bit Axe |
| 9:40 | Build | House |
| 9:46 | Create | Villager (Male) |
| 9:47 | Create | Scout Cavalry |
| 9:51 | Build | Farm |
| 9:52 | Build | Farm |
| 9:53 | Build | Farm |
| 9:58 | Build | Farm |
| 10:00 | Build | Farm |
| 10:08 | Create | Scout Cavalry |
| 10:28 | Create | Scout Cavalry |
| 10:43 | Build | Farm |
| 10:46 | Build | House |
| 10:49 | Build | House |
| 10:52 | Build | House |
| 11:02 | Create | Scout Cavalry |
| 11:05 | Create | Villager (Male) |
| 11:08 | Build | Farm |
| 11:10 | Build | Farm |
| 11:15 | Build | House |
| 11:37 | Create | Scout Cavalry |
| 11:42 | Create | Spearman |
| 11:49 | Build | Farm |
| 11:50 | Build | Farm |
| 11:50 | Create | Villager (Male) |
| 11:52 | Build | Farm |
| 11:52 | Build | Farm |
| 11:59 | Build | House |
| 12:04 | Create | Villager (Male) |
| 12:04 | Create | Villager (Male) |
| 12:06 | Build | Farm |
| 12:13 | Create | Villager (Male) |
| 12:31 | Build | House |
| 12:57 | Create | Scout Cavalry |
| 12:58 | Create | Villager (Male) |
| 13:01 | Build | Archery Range |
| 13:05 | Build | Archery Range |
| 13:09 | Create | Scout Cavalry |
| 13:13 | Build | House |
| 13:13 | Create | Villager (Male) |
| 13:22 | Build | Palisade Wall |
| 13:23 | Build | Palisade Wall |
| 13:26 | Create | Villager (Male) |
| 13:32 | Create | Spearman |
| 13:48 | Create | Villager (Male) |
| 14:05 | Build | Mining Camp |
| 14:06 | Create | Archer |
| 14:10 | Create | Villager (Male) |
| 14:19 | Build | House |
| 14:27 | Create | Villager (Male) |
| 14:29 | Build | House |
| 14:30 | Build | House |
| 14:32 | Build | Palisade Wall |
| 14:35 | Build | Palisade Wall |
| 14:37 | Build | Palisade Wall |
| 14:38 | Build | Palisade Wall |
| 14:45 | Build | House |
| 14:48 | Build | House |
| 14:48 | Build | Palisade Wall |
| 14:56 | Create | Villager (Male) |
| 15:05 | Build | House |
| 15:06 | Build | House |
| 15:13 | Create | Villager (Male) |
| 15:19 | Build | Blacksmith |
| 15:21 | Build | Palisade Wall |
| 15:31 | Create | Archer |
| 15:34 | Create | Villager (Male) |
| 15:41 | Build | House |
| 15:42 | Build | House |
| 15:44 | Build | House |
| 15:47 | Create | Villager (Male) |
| 15:53 | Create | Villager (Male) |
| 16:01 | Build | House |
| 16:03 | Build | House |
| 16:15 | Create | Archer |
| 16:18 | Create | Villager (Male) |
| 16:22 | Create | Villager (Male) |
| 16:33 | Create | Villager (Male) |
| 16:36 | Create | Archer |
| 16:49 | Build | Farm |
| 16:58 | Research | Fletching |
| 17:10 | Create | Villager (Male) |
| 17:47 | Create | Scout Cavalry |
| 17:48 | Create | Archer |
| 17:48 | Create | Villager (Male) |
| 17:56 | Create | Villager (Male) |
| 17:59 | Build | House |
| 18:00 | Build | House |
| 18:04 | Build | Lumber Camp |
| 18:08 | Create | Villager (Male) |
| 18:16 | Create | Villager (Male) |
| 18:17 | Create | Archer |
| 18:17 | Create | Villager (Male) |
| 18:19 | Create | Spearman |
| 18:41 | Create | Spearman |
| 18:41 | Create | Spearman |
| 18:42 | Create | Scout Cavalry |
| 18:45 | Build | House |
| 19:02 | Create | Villager (Male) |
| 19:06 | Build | Mining Camp |
| 19:18 | Research | Scale Mail Armor |
| 19:27 | Create | Villager (Male) |
| 19:48 | Create | Villager (Male) |
| 19:55 | Build | Watch Tower |
| 19:55 | Create | Villager (Male) |
| 19:59 | Create | Archer |
| 20:04 | Build | Farm |
| 20:05 | Build | Farm |
| 20:05 | Build | Farm |
| 20:05 | Build | Farm |
| 20:05 | Build | Farm |
Match timeline
| 7:27 | EbolasRider · first_building Barracks |
| 7:51 | HeavenlyChorus · wall_segment Palisade Wall x1 |
| 7:51 | HeavenlyChorus · wall_segment Palisade Wall x1 |
| 7:52 | HeavenlyChorus · wall_segment Palisade Wall x1 |
| 7:54 | HeavenlyChorus · wall_segment Palisade Wall x1 |
| 8:01 | EbolasRider · wall_segment Palisade Wall x1 |
| 8:02 | EbolasRider · wall_segment Palisade Wall x1 |
| 8:04 | EbolasRider · wall_segment Palisade Wall x1 |
| 8:09 | HeavenlyChorus · first_building Barracks |
| 8:13 | EbolasRider · wall_segment Palisade Wall x1 |
| 8:14 | EbolasRider · wall_segment Palisade Wall x1 |
| 8:15 | EbolasRider · wall_segment Palisade Wall x1 |
| 8:19 | HeavenlyChorus · wall_segment Palisade Wall x1 |
| 8:20 | HeavenlyChorus · wall_segment Palisade Wall x2 |
| 8:39 | EbolasRider · age_up feudal |
| 8:51 | HeavenlyChorus · age_up feudal |
| 9:05 | HeavenlyChorus · first_building Stable |
| 9:06 | EbolasRider · first_building Stable |
| 12:18 | EbolasRider · wall_segment Palisade Wall x8 |
| 13:01 | HeavenlyChorus · first_building Archery Range |
| 13:22 | HeavenlyChorus · wall_segment Palisade Wall x1 |
| 13:23 | HeavenlyChorus · wall_segment Palisade Wall x1 |
| 14:25 | EbolasRider · wall_segment Palisade Wall x4 |
| 14:32 | HeavenlyChorus · wall_segment Palisade Wall x4 |
| 14:35 | HeavenlyChorus · wall_segment Palisade Wall x1 |
| 14:37 | HeavenlyChorus · wall_segment Palisade Wall x1 |
| 14:38 | HeavenlyChorus · wall_segment Palisade Wall x1 |
| 14:48 | HeavenlyChorus · wall_segment Palisade Wall x1 |
| 15:02 | EbolasRider · wall_segment Palisade Wall x15 |
| 15:21 | HeavenlyChorus · wall_segment Palisade Wall x1 |
| 15:24 | EbolasRider · wall_segment Palisade Wall x8 |
| 15:25 | EbolasRider · wall_segment Palisade Wall x1 |
| 18:48 | EbolasRider · first_building Archery Range |
| 18:51 | EbolasRider · wall_segment Palisade Wall x1 |
| 20:25 | HeavenlyChorus · wall_segment Palisade Wall x1 |
| 20:25 | HeavenlyChorus · wall_segment Palisade Wall x1 |
| 20:45 | HeavenlyChorus · wall_segment Palisade Wall x1 |
| 20:46 | HeavenlyChorus · wall_segment Palisade Wall x13 |
| 23:37 | EbolasRider · age_up castle |
| 24:01 | EbolasRider · first_building Siege Workshop |
| 24:19 | HeavenlyChorus · wall_segment Palisade Wall x2 |
| 24:20 | HeavenlyChorus · wall_segment Palisade Wall x1 |
| 25:36 | HeavenlyChorus · first_market_buy 100 stone |
| 26:36 | HeavenlyChorus · age_up castle |
| 26:45 | HeavenlyChorus · first_building Siege Workshop |
| 26:47 | EbolasRider · first_building Monastery |
| 27:32 | HeavenlyChorus · first_market_sell 100 food |
| 29:42 | EbolasRider · wall_segment Stone Wall x1 |
| 29:44 | EbolasRider · wall_segment Stone Wall x10 |
| 33:37 | HeavenlyChorus · first_building Monastery |
| 36:43 | EbolasRider · first_building Castle |
| 38:17 | HeavenlyChorus · first_building Castle |
| 38:39 | EbolasRider · first_market_buy 100 wood |
| 39:40 | EbolasRider · age_up imperial |
| 41:05 | HeavenlyChorus · wall_segment Stone Wall x8 |
| 41:26 | HeavenlyChorus · resign |
[ AI ANALYSIS · 1 CREDIT ]
What really happened in this match?
Wolo.gg analyzes every decision: build order, eco, micro, common mistakes by bracket. Personalized analysis on WhatsApp or Discord in 30 seconds.
Civ guide
Chinese
Perfil
Jugador #4943664